 Dungeon Crawl Stone Soup version 0.31-a0-1002-g8e65716e6e (webtiles) character file.

Game seed: 9734598086568196394

143 Malachi the Ducker (level 5, -4/38 HPs)
             Began as a Djinni Gladiator on Nov 9, 2023.
             Slain by a gnoll
             ... wielding a +0 spear
              (5 damage)
             ... on level 4 of the Dungeon.
             The game lasted 00:03:23 (2319 turns).

Malachi the Ducker (Djinni Gladiator)               Turns: 2319, Time: 00:03:23

Health: -4/38      AC:  4    Str: 13    XL:     5   Next: 50%
Gold:   152        EV:  6    Int: 11    God:
                   SH:  0    Dex: 15

rFire   + + .        i - +3 dagger (pain)
rCold   x . .        (no shield)
rNeg    . . .        b - +0 leather armour
rPois   ∞            c - +0 helmet
rElec   .            (no cloak)
rCorr   .            (no gloves)
SInv    .            (boots unavailable)
Will    .....        (no amulet)
Stlth   +            (no ring)
HPRegen 0.26/turn    (no ring)
MPRegen 0.00/turn

%: infuse magic (-5 HP)
@: flying, very slightly contaminated, held
A: sickness immunity, fire resistance 2, cold vulnerability 1, float, innate
caster, HP casting, extra vitality 1
a: no special abilities


You were on level 4 of the Dungeon.
You visited 1 branch of the dungeon, and saw 4 of its levels.

You collected 152 gold pieces.

Inventory:

Hand Weapons
 a - a +0 rapier
 i - a +3 dagger of pain (weapon)
 k - a +3 short sword of venom
 l - a +1 dagger of venom
Missiles
 d - 3 throwing nets
 e - a javelin
 p - 5 atropa-tipped darts
Armour
 b - a +0 leather armour (worn)
 c - a +0 helmet (worn)
Wands
 n - a wand of polymorph (11)
Scrolls
 f - a scroll of teleportation
 j - a scroll of enchant weapon
 q - a scroll of vulnerability
Potions
 g - 2 potions of haste {unknown}
 h - 2 potions of curing {unknown}
 m - a potion of invisibility {unknown}
 o - a potion of brilliance {unknown}


   Skills:
 - Level 2.0 Fighting
 + Level 3.1 Short Blades
 - Level 1.5 Throwing
 - Level 3.2 Dodging
 * Level 3.2 Spellcasting
 * Level 3.2 Conjurations
 * Level 3.2 Hexes
   Level 0.0 Charms
 * Level 3.2 Summonings
 * Level 3.2 Necromancy
 * Level 3.2 Translocations
 * Level 3.2 Transmutations
 * Level 3.2 Fire Magic
 * Level 3.2 Ice Magic
 * Level 3.2 Air Magic
 * Level 3.2 Earth Magic
 * Level 3.2 Poison Magic


You knew the following spells:

 Your Spells              Type           Power      Damage    Failure   Level
a - Freeze                Ice            32%        1d5       9%          1
b - Scorch                Fire           16%        2d5       13%         2
Your spell library was empty.

Dungeon Overview and Level Annotations

Branches:
Dungeon (4/15)
 Temple: D:4-7

Altars:
Yredelemnul


Innate Abilities, Weirdness & Mutations

You are immune to sickness and miasma.
You are immune to poison.
Your flesh is very heat resistant. (rF++)
You are vulnerable to cold. (rC-)
You float through the air rather than walking.
You learn spells naturally, not from books.
Your magical power is your life essence.
You have superior vitality. (+4 MHP)


Message History

You closely miss the goblin.
You hear a shout!
The goblin hits you with a +0 club. The gnoll closely misses you.
You hit the goblin.
You kill the goblin!
The gnoll barely misses you. 2 gnolls come into view.
A gnoll is wielding a +2 flail of holy wrath.
A gnoll is wielding a +0 spear.
The gnoll shouts!
You hear a howl!
The gnoll hits you with a +0 spear.
You see here a +0 club.
You closely miss the gnoll. The gnoll hits you but does no damage.
You barely miss the gnoll. You hit the gnoll.
The gnoll is moderately wounded.
Unknown command.
The gnoll closely misses you. The gnoll attacks as it pursues you!
The gnoll hits you with a +2 flail of holy wrath.
Casting: Freeze (safe; 9% risk of failure)
Confirm with . or Enter, or press ? or * to list all spells.
Okay, then.
Casting: Freeze (safe; 9% risk of failure)
Confirm with . or Enter, or press ? or * to list all spells.
You miscast Scorch.
You are very lightly contaminated with residual magic.
Nothing appears to happen.
The gnoll hits you from afar with a +0 spear!
The gnoll hits you with a +2 flail of holy wrath!
* * * LOW HITPOINT WARNING * * *
The gnoll attacks as it pursues you! The gnoll misses you.
You see here 17 gold pieces.
The gnoll throws a throwing net.
The throwing net hits you.
You become entangled in the net!
You see here a throwing net.
You struggle against the net.
The gnoll hits you with a +2 flail of holy wrath!
* * * LOW HITPOINT WARNING * * *
You struggle against the net.
The gnoll hits you from afar with a +0 spear.
You die...

.....###.####.##.....####
#....##.#..............#
#....##.#.##........####
##.........##.##.###.#
<#...#.#.#.##.##.# #.#
.#.......#.##.##.# #.#
...........##.##.# #.#
.##†.#.#.#.##.##.# #.#
.##......#.##.##@###.#
.##...........gg..†..#
....#.#..#.##h##........#
.#..#.#..####.#.........#
.##...#..# #g#g.....####
. ......hg.hg.........
#..####.#..#...###
#.#..#...# #.#..#...#


You could see a howler monkey and 3 gnolls.

Vanquished Creatures
  A hound (D:4)
  5 adders
  A worm (D:2)
  A dart slug (D:3)
  7 ball pythons
  4 bats
  2 endoplasms
  2 giant cockroaches
  7 goblins
  7 hobgoblins
  4 jackals (D:2)
  4 quokkas
  4 frilled lizards
  5 kobolds
  6 rats
60 creatures vanquished.

Notes
Turn   | Place    | Note
-------+----------+-------------------------------------------
     0 | D:1      | Malachi the Djinni Gladiator began the quest for the Orb.
     0 | D:1      | Reached XP level 1. HP: 18/18 MP: 0/0
   139 | D:1      | Reached skill level 1 in Spellcasting
   139 | D:1      | Reached skill level 1 in Conjurations
   139 | D:1      | Reached skill level 1 in Hexes
   139 | D:1      | Reached skill level 1 in Summonings
   139 | D:1      | Reached skill level 1 in Necromancy
   139 | D:1      | Reached skill level 1 in Translocations
   139 | D:1      | Reached skill level 1 in Transmutations
   139 | D:1      | Reached skill level 1 in Fire Magic
   139 | D:1      | Reached skill level 1 in Ice Magic
   139 | D:1      | Reached skill level 1 in Air Magic
   139 | D:1      | Reached skill level 1 in Earth Magic
   139 | D:1      | Reached skill level 1 in Poison Magic
   139 | D:1      | Reached XP level 2. HP: 20/23 MP: 0/0
   363 | D:1      | Reached XP level 3. HP: 28/28 MP: 0/0
   363 | D:1      | Learned a level 1 spell: Freeze
  1015 | D:2      | Reached XP level 4. HP: 33/33 MP: 0/0
  1528 | D:3      | Found a basalt altar of Yredelemnul.
  1949 | D:3      | Reached XP level 5. HP: 37/38 MP: 0/0
  1949 | D:3      | Learned a level 2 spell: Scorch
  2318 | D:4      | HP: 1/38 [gnoll/+2 flail of holy wrath (10)]
  2319 | D:4      | Slain by a gnoll

Illustrated notes

Levels and vault maps discovered:
D:1:      saegor_arrival_simple_e, layout_basic
D:2:      wander_river, layout_basic, grunt_ministairs_15
D:3:      layout_loops_ring, lemuel_tele_altar, minmay_misc_feat_nine_boxes
D:4:      minmay_chambers_of_twos, layout_basic,
          corexii_mini_fake_secret_closet, kennysheep_decorative_pillar,
          hangedman_decor_growths, nicolae_stop_n_shop_1

Skill      XL: |  1  2  3  4  5 |
---------------+----------------+-----
Spellcasting   | 1 2 3 |  3.2
Conjurations   | 1 2 3 |  3.2
Hexes          | 1 2 3 |  3.2
Summonings     | 1 2 3 |  3.2
Necromancy     | 1 2 3 |  3.2
Translocations | 1 2 3 |  3.2
Transmutations | 1 2 3 |  3.2
Fire Magic     | 1 2 3 |  3.2
Ice Magic      | 1 2 3 |  3.2
Air Magic      | 1 2 3 |  3.2
Earth Magic    | 1 2 3 |  3.2
Poison Magic   | 1 2 3 |  3.2
Short Blades   | 3 |  3.1
Fighting       | |  2.0
Throwing       | |  1.5
Dodging        | |  3.2

Action                     |  1- 3 |  4- 6 || total
---------------------------+-------+-------++-------
  Melee: Rapier            |    68 |       ||    68
         Dagger            |    73 |    40 ||   113
         Short sword       |     2 |    28 ||    30
    Use: Scroll            |       |     6 ||     6
   Stab: Sleeping          |     2 |     1 ||     3
 Armour: Leather armour    |    68 |    40 ||   108
  Dodge: Dodged            |    92 |    33 ||   125

Table legend: (Time is in decaauts)
 A = Elapsed time spent in this place.
 B = Non-inter-level travel time spent in this place.
 C = Inter-level travel time spent in this place.
 D = Time resting spent in this place.
 E = Time spent auto-exploring this place.
 F = Levels seen in this place.
 G = Mean time per level.
                   A        B        C        D        E       F      G
               +--------+--------+--------+--------+--------+-----+--------+
         Total |   2300 |   2140 |    160 |      0 |   1669 |   4 |  575.0 |
       Dungeon |   2300 |   2140 |    160 |      0 |   1669 |   4 |  575.0 |
               +--------+--------+--------+--------+--------+-----+--------+

Top non-repeatable levels by time:
     D:2: 817 daAuts
     D:3: 785 daAuts
     D:1: 569 daAuts
     D:4: 127 daAuts
